 Dungeon Crawl Stone Soup version 0.27.1-34-g3ba077fa99 (console) character file.

Game seed: 7860231055231254927

30132 Banquo the Severer (level 13, -9/100 HPs)
             Began as a Formicid Fighter on Feb 4, 2022.
             Was a Believer of Uskayaw.
             Mangled by an anaconda simulacrum (27 damage)
             ... in an ice cave.
             The game lasted 01:18:58 (20537 turns).

Banquo the Severer (Formicid Fighter)              Turns: 20537, Time: 01:18:58

Health: -9/100     AC: 18    Str: 31    XL:     13   Next: 86%
Magic:  6/6        EV:  9    Int:  9    God:    Uskayaw [**....]
Gold:   919        SH: 14    Dex: 10    Spells: 12/12 levels left

rFire    + . .     SeeInvis +   b - +1 war axe (antimagic)
rCold    . . .     Faith    .   i - +1 kite shield
rNeg     . . .     Spirit   .   d - +0 plate armour
rPois    .         Reflect  .   (helmet unavailable)
rElec    .         Harm     .   e - +0 cloak
rCorr    .         Rampage  .   g - +0 pair of gloves
Will     +....                  f - +0 pair of boots
Stlth    ..........             A - amulet of the acrobat
HPRegen  0.26/turn              c - ring of protection from fire
MPRegen  0.10/turn              u - +6 ring of strength

@: no status effects
A: permanent stasis, dig shafts and tunnels, antennae 3, four strong arms
a: Dig, Renounce Religion, Stomp, Line Pass


You were in an ice cave.
You worshipped Uskayaw.
Uskayaw was aware of your devotion.
You visited 3 branches of the dungeon, and saw 18 of its levels.
You also visited: Sewer, Ossuary and Ice Cave.

You collected 968 gold pieces.
You spent 49 gold pieces at shops.

Inventory:

Hand Weapons
 a - a +0 war axe of venom
 b - a +1 antimagic war axe (weapon)
 h - a +2 hunting sling of flaming
 q - a +2 double sword
 C - a +2 spear of venom
 R - a +0 broad axe
 W - a +1 scimitar of flaming
 X - a +4 vorpal spear
Missiles
 l - 67 poisoned darts
 o - 6 silver javelins
 v - 4 javelins
 D - 24 boomerangs
 K - a throwing net
Armour
 d - a +0 plate armour (worn)
 e - a +0 cloak (worn)
 f - a +0 pair of boots (worn)
 g - a +0 pair of gloves (worn)
 i - a +1 kite shield (worn)
Magical Staves
 n - a staff of cold
Jewellery
 c - a ring of protection from fire (left hand)
 k - a ring of wizardry
 r - a +6 ring of intelligence
 u - a +6 ring of strength (right hand)
 w - an amulet of reflection
 A - an amulet of the acrobat (around neck)
 L - a ring of fire
Wands
 s - a wand of acid (8)
 t - a wand of mindburst (25)
 x - a wand of flame (13)
 V - a wand of iceblast (7)
Scrolls
 j - 2 scrolls of identify
 m - 4 scrolls of magic mapping
 y - a scroll of amnesia
Potions
 p - 2 potions of magic
 z - 7 potions of curing
 F - 3 potions of heal wounds
 I - a potion of ambrosia
 J - 4 potions of flight
 M - 2 potions of cancellation
 O - a potion of lignification
 U - a potion of might


   Skills:
 + Level 8.9 Fighting
 * Level 15.0 Axes
 + Level 9.7 Armour
 + Level 2.3 Dodging
 + Level 10.7 Shields
 * Level 10.0 Invocations


You had 12 spell levels left.
You didn't know any spells.
Your spell library contained the following spells:

 Spells                   Type           Power      Damage    Failure   Level
 Corona                   Hex            0%         N/A       95%         1
 Magic Dart               Conj           0%         1d3       95%         1
 Ensorcelled Hibernation  Hex/Ice        0%         N/A       99%         2
 Searing Ray              Conj           0%         3d3       99%         2
 Static Discharge         Conj/Air       0%         N/A       99%         2
 Sublimation of Blood     Necr           0%         N/A       99%         2
 Wereblood                Tmut           0%         N/A       99%         2
 Dazzling Flash           Conj/Hex       0%         N/A       100%        3
 Tukima's Dance           Hex            0%         N/A       100%        3
 Dispel Undead            Necr           0%         3d6       100%        4
 Fulminant Prism          Conj/Hex       0%         3d6       100%        4
 Iskenderun's Mystic Bla  Conj/Tloc      0%         2d3       100%        4
 Sticky Flame             Conj/Fire      0%         2d3       100%        4
 Lee's Rapid Deconstruct  Erth           0%         3d5*      100%        5
 Starburst                Conj/Fire      0%         6d3       100%        6
 Summon Hydra             Summ           0%         N/A       100%        7


Dungeon Overview and Level Annotations

Branches:
Dungeon (12/15)            Temple (1/1) D:4            Lair (5/6) D:11
    Orc (0/2) D:9           Sewer (visited)         Ossuary (visited)
  IceCv (1/1)
  Swamp: Lair:2-4    Shoals: Lair:2-4     Snake: Lair:2-4    Spider: Lair:2-4
  Slime: Lair:5-6

Altars:
Ashenzari
Cheibriados
Dithmenos
Elyvilon
Fedhas
Gozag
Hepliaklqana
Kikubaaqudgha
Makhleb
Nemelex Xobeh
Okawaru
Qazlal
Ru
Sif Muna
Trog
Uskayaw
Vehumet
Wu Jian
Xom
Yredelemnul
Zin
The Shining One

Shops:
D:4 =:*?[   D:10 :

Annotations:
D:5 1 runed translucent door, hannobal's ghost, amateur DjWz
D:10 2 transporters, stil's ghost, novice BaIE


Innate Abilities, Weirdness & Mutations

You cannot be hasted, slowed, berserked, paralysed or teleported.
You can dig through walls and to a lower floor.
You have a pair of large antennae on your head. (SInv)
Your four strong arms can wield two-handed weapons with a shield.


Message History

The anaconda simulacrum barely misses you.
The anaconda simulacrum bites you but does no damage.
You closely miss the anaconda simulacrum.
The anaconda simulacrum is moderately damaged.
The anaconda simulacrum barely misses you.
You block the anaconda simulacrum's attack.
You slash the anaconda simulacrum!
The anaconda simulacrum is heavily damaged.
You block the anaconda simulacrum's attack. x2
You slash the anaconda simulacrum!
The anaconda simulacrum is almost destroyed.
The anaconda simulacrum misses you. The anaconda simulacrum bites you.
The anaconda simulacrum freezes you!!
You can now pass through a line of other dancers.
You are too injured to fight recklessly!
You are too injured to fight recklessly!
You are too injured to fight recklessly!
You hit the anaconda simulacrum but do no damage.
The anaconda simulacrum is almost destroyed.
The anaconda simulacrum constricts you. The anaconda simulacrum freezes you!
* * * LOW HITPOINT WARNING * * *
The anaconda simulacrum completely misses you.
You closely miss the anaconda simulacrum.
The anaconda simulacrum is almost destroyed.
The anaconda simulacrum constricts you but does no damage.
The anaconda simulacrum bites you but does no damage.
You closely miss the anaconda simulacrum.
The anaconda simulacrum is almost destroyed.
You block the anaconda simulacrum's attack. x2
The anaconda simulacrum constricts you but does no damage.
You block the anaconda simulacrum's attack.
You closely miss the anaconda simulacrum.
The anaconda simulacrum is almost destroyed.
You block the anaconda simulacrum's attack. x2
You closely miss the anaconda simulacrum.
The anaconda simulacrum is almost destroyed.
The anaconda simulacrum constricts you.
* * * LOW HITPOINT WARNING * * *
The anaconda simulacrum freezes you!!
You die...

{ #### ##..##
##..#####....##
#....##.......#
Z......#.......∩.∩.#
..Z...###..........#
...{#§ ##..##....##
... # #.#####..## ..
{ ##.# #### . #@##
##Z# #.Z{## #..{.
#.... #..... {
#..##. #... #. ...
##


You could see an anaconda simulacrum.

Vanquished Creatures
  Erolcha (D:9)
  3 hydras
  Erica (D:10)
  3 two-headed ogres
  3 death yaks (Lair:3)
  Urug (Lair:3)
  A cyclops (D:11)
  A merfolk siren (Lair:3)
  A black mamba (Lair:1)
  A gargoyle (D:7)
  6 cane toads
  A komodo dragon (Lair:3)
  2 rime drakes (Lair:3)
  4 trolls
  Prince Ribbit (D:8)
  Grinder (D:5)
  3 slime creatures (D:12)
  13 blink frogs
  A merfolk (Lair:3)
  2 vampires
  3 shadows
  Sigmund (D:5)
  27 yaks
  3 wraiths
  Grum (D:9)
  2 basilisks
  A steam dragon (D:4)
  2 vampire mosquitoes (D:6)
  Menkaure (D:4)
  11 water moccasins
  2 acid dragons
  6 orc warriors
  An ice beast (D:6)
  2 black bears
  2 necrophages
  4 ogres
  13 wolves
  4 centaurs
  A kobold brigand (D:3)
  9 bullfrogs
  A gnoll sergeant (D:11)
  6 scorpions
  A wyvern zombie (D:7)
  A water moccasin skeleton (D:4)
  A water moccasin zombie (D:6)
  16 killer bees
  6 howler monkeys
  9 electric eels
  3 centaur zombies
  A bullfrog zombie (D:5)
  2 hounds
  8 orc priests
  Natasha (thrice) (D:2)
  15 orc wizards
  A spriggan simulacrum (IceCv)
  A troll simulacrum (IceCv)
  A killer bee zombie (D:8)
  8 mummies (Ossuary)
  A howler monkey skeleton (D:6)
  9 adders
  6 gnolls
  A river rat (D:4)
  A shadow imp (D:7)
  2 white imps
  3 ufetubi
  2 adder skeletons
  6 worms
  3 dart slugs
  39 orcs
  4 ball pythons
  7 endoplasms
  5 giant cockroaches
  A gnoll zombie (Ossuary)
  10 goblins
  7 hobgoblins
  6 jackals
  4 quokkas
  4 bats (D:1)
  2 frilled lizards
  3 hobgoblin zombies (Ossuary)
  22 kobolds
  4 orc zombies (Ossuary)
  6 rats
  A spectral orc (D:11)
389 creatures vanquished.

Vanquished Creatures (others)
  An ufetubus (IceCv)
  54 fungi
  50 plants
105 creatures vanquished.

Grand Total: 494 creatures vanquished

Notes
Turn   | Place    | Note
-------+----------+-------------------------------------------
     0 | D:1      | Banquo the Formicid Fighter began the quest for the Orb.
     0 | D:1      | Reached XP level 1. HP: 18/18 MP: 1/1
   177 | D:1      | Reached XP level 2. HP: 24/24 MP: 2/2
   521 | D:1      | Reached XP level 3. HP: 29/29 MP: 3/3
   724 | D:1      | Reached skill level 3 in Axes
  1185 | D:2      | Reached XP level 4. HP: 21/35 MP: 4/4
  1399 | D:2      | Noticed Natasha
  1412 | D:2      | Killed Natasha
  1674 | D:2      | Noticed Natasha
  1684 | D:2      | Killed Natasha
  1685 | D:2      | Reached skill level 4 in Axes
  1685 | D:2      | Reached XP level 5. HP: 37/41 MP: 5/5
  1739 | D:2      | Noticed Natasha
  1750 | D:2      | Killed Natasha
  2382 | D:3      | Noticed a kobold brigand
  2675 | D:3      | Reached XP level 6. HP: 45/48 MP: 6/6
  2732 | D:3      | Reached skill level 5 in Axes
  2732 | D:3      | Reached skill level 1 in Dodging
  3152 | D:4      | Found Nileepp's Jewellery Emporium.
  3152 | D:4      | Found Tualaghi's Assorted Antiques.
  3187 | D:4      | Noticed Menkaure
  3213 | D:4      | Killed Menkaure
  3214 | D:4      | Reached XP level 7. HP: 13/53 MP: 7/7
  3436 | D:4      | Found Rigyng's Magic Scroll Emporium.
  3457 | D:4      | Bought a scroll of magic mapping for 38 gold pieces
  3457 | D:4      | Bought a scroll of noise for 11 gold pieces
  3522 | D:4      | Found a glowing drain.
  3680 | Sewer    | Entered a sewer
  3745 | Sewer    | Noticed a water moccasin
  3755 | Sewer    | Killed a water moccasin
  3756 | Sewer    | Reached skill level 5 in Shields
  3941 | D:4      | Reached skill level 5 in Armour
  3991 | D:4      | Found Aganown's Book Shop.
  4021 | D:4      | Found a staircase to the Ecumenical Temple.
  4030 | Temple   | Entered the Ecumenical Temple
  4150 | Temple   | Became a worshipper of Uskayaw the Reveller
  4268 | D:4      | Reached * piety under Uskayaw
  4269 | D:4      | Reached skill level 6 in Axes
  4281 | D:4      | Noticed a steam dragon
  4292 | D:4      | Reached ** piety under Uskayaw
  4293 | D:4      | Killed a steam dragon
  4294 | D:4      | Reached skill level 1 in Invocations
  4294 | D:4      | Reached XP level 8. HP: 44/60 MP: 8/8
  4549 | D:4      | Found Menn's Armour Boutique.
  4601 | D:5      | Entered Level 5 of the Dungeon
  4618 | D:5      | Noticed Grinder
  4917 | D:5      | Found a bloodstained altar of Trog.
  5133 | D:5      | Noticed a troll
  5151 | D:5      | Found a runed translucent door.
  5339 | D:5      | Noticed Sigmund
  5364 | D:5      | Reached *** piety under Uskayaw
  5365 | D:5      | Killed Sigmund
  5366 | D:5      | Reached XP level 9. HP: 67/67 MP: 3/11
  5405 | D:5      | Reached skill level 5 in Fighting
  5405 | D:5      | Reached skill level 7 in Axes
  5829 | D:5      | Noticed hannobal's ghost (amateur DjWz)
  5871 | D:5      | Found a runed translucent door.
  5941 | D:5      | Found a bloodstained altar of Trog.
  5977 | D:5      | Killed Grinder
  6805 | D:6      | Reached skill level 8 in Axes
  7832 | D:6      | Reached XP level 10. HP: 74/74 MP: 4/13
  8091 | D:7      | Reached skill level 9 in Axes
  8482 | D:7      | Noticed a gargoyle
  8497 | D:7      | Killed a gargoyle
  8498 | D:7      | Reached skill level 5 in Invocations
  8882 | D:8      | Noticed Prince Ribbit
  8889 | D:8      | Killed Prince Ribbit
  8914 | D:8      | Reached skill level 10 in Axes
  9029 | D:8      | Found a sand-covered staircase.
  9215 | Ossuary  | Entered an ossuary
 10311 | D:8      | Reached **** piety under Uskayaw
 10315 | D:8      | Reached XP level 11. HP: 68/81 MP: 15/15
 11016 | D:9      | Noticed Erolcha
 11095 | D:9      | Noticed Grum
 11113 | D:9      | Killed Grum
 11114 | D:9      | Reached skill level 11 in Axes
 11185 | D:9      | Killed Erolcha
 11791 | D:9      | Reached ***** piety under Uskayaw
 12169 | D:9      | Reached skill level 12 in Axes
 12746 | D:9      | Noticed a two-headed ogre
 12795 | D:9      | Killed a two-headed ogre
 13034 | D:9      | Found a staircase to the Orcish Mines.
 13076 | D:10     | Entered Level 10 of the Dungeon
 13198 | D:10     | Reached XP level 12. HP: 88/91 MP: 17/17
 13621 | D:10     | Noticed a two-headed ogre
 13626 | D:10     | Noticed stil's ghost (novice BaIE)
 13627 | D:10     | Found a transporter.
 13627 | D:10     | Found a transporter.
 13628 | D:10     | Identified the +5 dire flail of Radicalism {freeze, Str-3
                  | Dex+2 SInv}
 13628 | D:10     | Identified the +7 dire flail of Iconoclasm {elec, rN+}
 13628 | D:10     | Noticed a two-headed ogre
 13660 | D:10     | Found Wueguuno's Book Emporium.
 13830 | D:10     | Noticed Erica
 13836 | D:10     | Killed Erica
 14026 | D:10     | Noticed a two-headed ogre
 14035 | D:10     | Killed a two-headed ogre
 14036 | D:10     | Reached skill level 13 in Axes
 14950 | D:10     | Noticed a two-headed ogre
 14965 | D:10     | Killed a two-headed ogre
 15318 | D:11     | Noticed a six-headed hydra
 15535 | D:11     | Found a basalt altar of Yredelemnul.
 15707 | D:11     | Noticed a six-headed hydra
 15710 | D:11     | Killed a six-headed hydra
 16688 | D:11     | Killed a six-headed hydra
 16916 | D:11     | Reached skill level 14 in Axes
 16928 | D:11     | Found a staircase to the Lair.
 17055 | Lair:1   | Entered Level 1 of the Lair of Beasts
 17138 | Lair:1   | Reached skill level 10 in Shields
 17138 | Lair:1   | Reached XP level 13. HP: 57/98 MP: 6/19
 19272 | Lair:2   | You fall into a shaft and drop 2 floors!
 19274 | Lair:4   | Noticed an eight-headed hydra
 19280 | Lair:4   | You fall into a shaft and drop 1 floor!
 19692 | Lair:3   | Found a glowing golden altar of the Shining One.
 19727 | Lair:3   | Noticed Urug
 19742 | Lair:3   | Killed Urug
 19900 | Lair:3   | Reached skill level 15 in Axes
 19914 | Lair:3   | Noticed a six-headed hydra
 19933 | Lair:3   | Killed a six-headed hydra
 19982 | Lair:3   | Reached skill level 10 in Invocations
 19998 | Lair:3   | HP: 4/99 [komodo dragon (11)]
 20258 | Lair:3   | Found a frozen archway.
 20430 | IceCv    | Entered an ice cave
 20537 | IceCv    | Mangled by an anaconda simulacrum

Illustrated notes

Levels and vault maps discovered:
D:1:      onia_arrival_mini_maze_b, layout_basic
D:2:      layout_basic, uniq_natasha
D:3:      cheibrodos_thug_alley, layout_rooms
D:4:      layout_cave_pools, minmay_temple_entry_trees, serial_shops,
          nicolae_diamond_shop, nicolae_take_the_stairs,
          nicolae_shop_waterfront, nicolae_shop_window_shopping, shop,
          lightli_sewer_entry_pipes, kennysheep_generic_room_6, uniq_menkaure
D:5:      layout_gridville, trog_antimagical, ebering_ghost_sewer_d,
          corexii_shack, lightli_corner_chamber, uniq_grinder, uniq_sigmund
D:6:      layout_loops_ring
D:7:      layout_rooms, minivault_24
D:8:      layout_basic, nicolae_ossuary_entry_plus, nzn_life_drinkers,
          uniq_prince_ribbit1
D:9:      layout_irregular_city, erik_orc_2, uniq_grum, uniq_erolcha
D:10:     layout_long_grid, gammafunk_ghost_smash, serial_shops,
          nicolae_shop_waterfront, grunt_ministairs_13, minmay_misc_feat_plants,
          nrook_pool_corridor, uniq_erica
D:11:     layout_rooms, due_lair_maze_entry_diamond,
          yredelemnul_forgotten_temple_becter
D:12:     minmay_the_grid_octo_tiled_squarecenter
          [minmay_the_grid_octo_tetromino_candy, minmay_the_grid_octo_77,
          minmay_the_grid_octo_odd_swirl, minmay_the_grid_octo_clover,
          minmay_the_grid_square_5x5_megaprize_checkered,
          minmay_the_grid_square_5x5_half_checkered,
          minmay_the_grid_square_5x5_inner_z,
          minmay_the_grid_square_5x5_shrine1,
          minmay_the_grid_square_5x5_checkered], layout_cave_pods,
          serial_co_window_serial, co_window_of_opportunity_a,
          co_window_corner_a, co_window_corner_a, co_window_corner_a,
          co_window_paths_a, co_window_paths_a, co_window_paths_b,
          co_window_broadway_c, co_window_corner_cb, co_window_paths_c,
          co_window_corner_cb, co_window_2corner, co_window_unsneaky_path_a,
          glass_columns_a, glass_columns_a, okawaru_metal_pillars_1_2
Temple:   kilobyte_greek_temple
Lair:1:   layout_chaotic_city
Lair:2:   layout_roguey, spider_nest_entry_a, st_stairs_9,
          grunt_forest_large_clearings
Lair:3:   layout_regular_city, elwin_shoals_entry_stream, basic_altar,
          portal_ice_cave_rime, uniq_urug
Lair:4:   layout_roguey, eino_house_with_fridge, infiniplex_staircase_pool
Lair:5:   layout_regular_city, st_stairs_8, minmay_lair_oklob_bushes
IceCv:    ice_cave_small_demon

Skill      XL: |  1  2  3  4  5  6  7  8  9 10 11 12 13 |
---------------+----------------------------------------+-----
Axes           | 3 4 5 6 8 10 12 14 15 | 15.0
Shields        | 4 5 6 7 8 9 10 | 10.7
Armour         | 4 5 6 7 8 9 |  9.7
Dodging        | 1 2 |  2.3
Fighting       | 4 5 6 7 8 |  8.9
Invocations    | 1 3 4 6 7 8 10 | 10.0

Action                   |  1- 3 |  4- 6 |  7- 9 | 10-12 | 13-15 || total
-------------------------+-------+-------+-------+-------+-------++-------
Melee: War axe           |   131 |    84 |   189 |   702 |   306 ||  1412
       Spear             |       |    45 |   160 |    17 |    13 ||   235
Invok: Line Pass         |       |       |       |     3 |       ||     3
       Stomp             |       |       |       |       |     5 ||     5
 Abil: Dig               |       |     9 |    11 |    27 |    14 ||    61
       Shaft Self        |       |       |       |       |     2 ||     2
  Use: Potion            |     3 |     6 |     2 |     1 |       ||    12
       Scroll            |     1 |     2 |     4 |     6 |     2 ||    15
 Stab: Distracted        |       |     1 |       |       |       ||     1
       Invisible         |       |       |     1 |       |       ||     1
       Paralysed         |       |       |     2 |    36 |     9 ||    47
       Confused          |       |       |       |     2 |       ||     2
Armor: Scale mail        |    82 |    37 |    13 |       |       ||   132
       Plate armour      |       |       |    86 |   182 |    76 ||   344
       Skin              |       |       |     5 |       |       ||     5
Dodge: Dodged            |    47 |    29 |    88 |   167 |    58 ||   389
Block: Kite shield       |    85 |    58 |   188 |   356 |   174 ||   861
